 Dungeon Crawl Stone Soup version 0.20-a0-640-g62ed22f (webtiles) character file.

71 nikopol the Cudgeler (level 4, -11/42 HPs)
             Began as a Gargoyle Berserker on Feb 12, 2017.
             Was a Believer of Trog.
             Mangled by an ogre
             ... wielding a +0 giant club
              (17 damage)
             ... on level 3 of the Dungeon.
             The game lasted 00:03:30 (1958 turns).

nikopol the Cudgeler (Gargoyle Berserker)           Turns: 1958, Time: 00:03:30

Health: -11/42     AC:  7    Str: 25    XL:     4   Next: 24%
Magic:  4/4        EV: 11    Int:  8    God:    Trog [**....]
Gold:   71         SH:  3    Dex: 10    Spells: 3/3 levels left

rFire    . . .     SeeInvis .   a - +0 mace
rCold    . . .     Gourm    .   b - +0 animal skin
rNeg     + . .     Faith    .   k - +0 buckler
rPois    ∞         Spirit   .   (no helmet)
rElec    +         Reflect  .   (no cloak)
rCorr    .         Harm     .   j - +0 pair of gloves
MR       .....                  (no boots)
Stlth    ..........             (no amulet)
Regen    0.2/turn               (no ring)
MPRegen  0.1/turn               (no ring)

@: berserking, very quick
A: negative energy resistance 1, electricity resistance, unbreathing,
petrification resistance, rot immunity, AC +3
a: Berserk, Trog's Hand, Burn Spellbooks, Renounce Religion


You were on level 3 of the Dungeon.
You worshipped Trog.
Trog was pleased with you.
You were very hungry.

You visited 1 branch of the dungeon, and saw 3 of its levels.

You collected 71 gold pieces.

Inventory:

Hand Weapons
 a - a +0 mace (weapon)
Armour
 b - a +0 animal skin (worn)
 j - a +0 pair of gloves (worn)
 k - a +0 buckler (worn)
Jewellery
 p - a cursed ring of teleportation {unknown}
Scrolls
 d - 2 scrolls of enchant weapon {unknown}
 e - 3 scrolls of amnesia {unknown}
 i - a scroll of identify {unknown}
 o - a scroll of recharging {unknown}
Potions
 g - a potion of mutation {unknown}
 h - a potion of flight {unknown}
 l - 2 potions of brilliance {unknown}
 n - a potion of agility {unknown}
Comestibles
 c - a bread ration
 f - 3 royal jellies
 m - a chunk of flesh
 q - a meat ration


   Skills:
 + Level 3.5 Fighting
 + Level 3.6 Maces & Flails
 + Level 3.2 Armour
 + Level 2.1 Dodging
 + Level 0.9 Shields


You had 3 spell levels left.
You didn't know any spells.

Dungeon Overview and Level Annotations

Branches:
Dungeon (3/15)

Altars:


Innate Abilities, Weirdness & Mutations

You are resistant to torment.
Your stone body is resilient. (AC +3)
You are immune to poison.
You resist negative energy. (rN+)
You are resistant to electric shocks. (rElec)
You can survive without breathing.
You are immune to petrification.
You are immune to rotting.


Message History

Trog accepts your kill.
The goblin shouts!
An ogre comes into view. It is wielding a giant club.
You block the goblin's attack.
You hit the goblin but do no damage. The goblin hits you but does no damage.
You closely miss the goblin. The goblin hits you with a club.
You hit the goblin.
The goblin is moderately wounded.
The goblin hits you but does no damage. The ogre hits you with a giant club!
* * * LOW HITPOINT WARNING * * *
You are too injured to fight recklessly!
A red film seems to cover your vision as you go berserk!
You feel yourself moving faster!
You feel mighty!
You are feeling very hungry.
The goblin closely misses you.
You bludgeon the goblin!!
You kill the goblin!
Trog accepts your kill. The ogre hits you with a giant club!
You die...

.#.........#........
...............#........
........................
.#.#.#.##...####........
....... #...# #........
.#.#.#. #...# #........
.......##...# #........
.#.#.#O.#...##########..
......)@......# ..
..............# ..
....##........# ...
#........# . #........#
#........# ##########


You could see an ogre.

Vanquished Creatures
  2 adders
  3 worms
  2 dart slugs
  A leopard gecko (D:1)
  3 ball pythons
  8 bats
  2 giant cockroaches
  4 goblins
  2 hobgoblins
  2 jackals (D:1)
  2 kobolds
  A quokka (D:2)
  3 frilled lizards
  5 rats
40 creatures vanquished.

Notes
Turn   | Place    | Note
-------+----------+-------------------------------------------
     0 | D:1      | nikopol the Gargoyle Berserker began the quest for the Orb.
     0 | D:1      | Reached XP level 1. HP: 14/14 MP: 1/1
   217 | D:1      | Reached XP level 2. HP: 14/19 MP: 2/2
   662 | D:1      | Reached XP level 3. HP: 21/23 MP: 3/3
  1287 | D:2      | Reached ** piety under Trog
  1816 | D:3      | Reached XP level 4. HP: 20/28 MP: 4/4
  1952 | D:3      | Noticed an ogre
  1958 | D:3      | Mangled by an ogre

Vault maps used:
D:1:      lightli_arrival_quake
D:2:      minmay_domino_4
D:3:      serial_glass, glass_columns_b, glass_columns_a

Skill      XL: |  1  2  3 |
---------------+----------+-----
Dodging        | 2 |  2.1
Armour         | 3 |  3.2
Fighting       | |  3.5
Maces & Flails | |  3.6
Shields        | |  0.9

Action                   |  1- 3 |  4- 6 || total
-------------------------+-------+-------++-------
Melee: Mace              |   115 |    18 ||   133
Invok: Berserk           |       |     1 ||     1
 Stab: Sleeping          |     1 |       ||     1
  Eat: Chunk             |     3 |       ||     3
Armor: Animal skin       |    45 |    10 ||    55
Dodge: Dodged            |    73 |     9 ||    82
Block: Buckler           |     6 |     1 ||     7
